Map: Prion Terraces

Players

TomikuS - Winner!

  • Race: Zerg Zerg
  • League: Grandmaster

Loumpus

  • Race: Terran Terran
  • League: Diamond

Event: Gauntlet LotV Series 1 Qualifier 2

VOD

Have the link to the VOD?

Description

Time

  • Played on: Dec. 5, 2015, 1:22 p.m.
  • Length: 6:04

All games in this series

Show
View Real Time Build Order
Export as new Build Order

TomikuS Zerg - Winner!

Build Orders: Hatch First, Zergling Baneling 

Get SALT Encoding   

  12  0:01  Drone  
  13  0:13  Overlord  
  13  0:17  Drone  
  14  0:31  Drone x2  
  16  0:36  Drone  
  17  0:53  Hatchery  
  17  0:56  Drone  
  17  0:59  Drone  
  18  1:07  Drone  
  18  1:09  Extractor  
  18  1:19  Spawning Pool  
  18  1:22  Drone  
  18  1:29  Drone  
  19  1:39  Overlord  
  19  2:06  Queen, Zergling x6  
  19  2:07  Queen  
  26  2:12  Metabolic Boost  
  26  2:19  Drone x2  
  28  2:27  Overlord  
  28  2:28  Drone  
  29  2:36  Drone  
  30  2:38  Overlord  
  30  2:48  Drone x2  
  31  3:02  Hatchery  
  28  3:09  Drone x3  
  31  3:16  Drone x4  
  35  3:22  Zergling x4  
  35  3:24  Drone  
  38  3:27  Drone, Extractor  
  38  3:29  Drone  
  39  3:34  Overlord  
  39  3:39  Baneling Nest  
  38  3:49  Drone x3  
  38  3:51  Overlord  
  38  3:53  Zergling x4  
  38  3:55  Zergling x2  
  44  3:58  Zergling x4  
  45  4:19  Zergling x2  
  45  4:20  Zergling x18  
  45  4:24  Baneling x4  
  55  4:26  Zergling x2  
  55  4:27  Zergling x2  
  55  4:28  Zergling x2  
  58  4:32  Zergling x2  
  59  4:40  Overlord  
  59  4:41  Zergling x2  
  58  4:52  Zergling x2  
  59  4:53  Zergling x8  
  59  4:58  Baneling x5  
  59  4:59  Baneling x7  
  63  5:00  Baneling  
  63  5:01  Baneling  
  63  5:02  Baneling  
  63  5:03  Baneling  
  63  5:06  Zergling x4  
  65  5:12  Zergling x6  
  64  5:21  Zergling x2  
  64  5:22  Zergling x6  
  64  5:26  Zergling x2  
  66  5:33  Zergling x4  
  66  5:34  Zergling x12  
  68  5:46  Zergling x6  
Show
View Real Time Build Order
Export as new Build Order

Loumpus Terran 

Build Orders:  

Get SALT Encoding   

  12  0:00  SCV  
  13  0:12  SCV  
  14  0:18  Supply Depot  
  14  0:25  SCV  
  15  0:39  SCV  
  15  0:41  Barracks  
  16  0:51  SCV  
  17  1:03  SCV  
  18  1:14  Command Center  
  18  1:18  SCV  
  19  1:29  Barracks  
  19  1:30  Marine  
  20  1:40  Orbital Command  
  20  1:48  Supply Depot  
  20  1:51  Marine  
  21  2:01  Refinery  
  21  2:07  SCV  
  22  2:11  Marine  
  23  2:17  Bunker  
  23  2:24  Marine  
  23  2:27  Orbital Command  
  23  2:29  Marine  
  25  2:41  SCV, Marine  
  27  2:47  Marine  
  27  2:49  Supply Depot  
  28  2:54  SCV x2  
  28  2:57  Refinery  
  30  2:59  Marine  
  31  3:11  Barracks Tech Lab  
  31  3:12  Supply Depot  
  31  3:13  SCV x2  
  31  3:17  Factory  
  33  3:21  Marine  
  33  3:25  SCV x2  
  36  3:37  SCV  
  36  3:40  Marine x2  
  39  3:50  SCV  
  39  3:51  SCV  
  41  3:58  Marine  
  41  4:02  SCV  
  43  4:03  SCV  
  44  4:14  SCV  
  44  4:15  SCV  
  44  4:16  Starport  
  45  4:20  Barracks Reactor  
  45  4:21  Marine  
  46  4:26  SCV  
  46  4:28  SCV  
  46  4:30  Factory Reactor  
  48  4:34  Engineering Bay  
  48  4:35  Engineering Bay  
  48  4:39  SCV  
  48  4:40  SCV, Marine  
  43  4:46  Barracks  
  43  4:47  Barracks  
  43  4:49  Barracks  
  43  4:51  SCV  
  43  4:52  SCV  
  45  4:57  Bunker x2, Marine x2  
  45  4:58  Marine  
  48  5:03  SCV  
  48  5:04  SCV  
  50  5:15  SCV, Marine x2  
  50  5:16  Marine  
  43  5:39  Marine  
  43  5:40  Marine x3  
  43  5:41  Marine  
Tags
 
Add a new tag
Caveats
  • Supply blocks, unpowered buildings, or Contaminate may cause inaccurate times.
  • Supply counts are checked every 10 seconds.